woodfighter, chaotic female elven Rogue ----- |....## -------------- |...| # |............| |....`######............()# --.--[ |...>........|# ## # |......(.....|### # # |............| #######@a######## ### ------.------- ###------------# # # #..`........|# # ### # |.(<.......|`############## # # # |...........# #---.-- # ##### # -----|------ #-..*.| # -|------%- # #|....- # |.......)-`#################################|....| ### |........| |....| # |........| |....| ###|........| ------ #.........| ---------- woodfighter the Cutpurse Experience level: 5 Strength: 13 Dexterity: 16 Constitution: 11 Intelligence: 12 Wisdom: 10 Charisma: 14 Health: 0(33) Energy: 22(22) Def: 3 Gold: 0 Moves: 2559 Dungeon seed: VgvYIzoGRRIDRyh2 Game ID: woodfighter_1511298071 Your Inventory: Weapons a - a +0 elven short sword (weapon in hand) b - 13 +0 elven daggers (in quiver) Armor e - an uncursed +1 leather armor (being worn) n - an uncursed +0 dwarvish cloak Comestibles m - 2 uncursed tripe rations o - 6 cursed apples p - an uncursed carrot s - 3 cursed cloves of garlic t - 2 uncursed sprigs of wolfsbane u - an uncursed cram ration v - 6 cursed eucalyptus leaves w - 2 cursed food rations x - 3 cursed lichen corpses A - 2 cursed sprigs of wolfsbane M - an uncursed fortune cookie Tools i - an uncursed towel y - an uncursed lock pick B - a cursed oil lamp (0:1407) C - a cursed stethoscope G - a +0 pick-axe Spells and supernatural/magical abilities: Name Level Category Fail Memory W - pray for help -- divine ? -- Your skills at the end: Miscellaneous Skills wands [Basic] Weapon Skills dagger [Basic] short sword [Basic] Spellcasting Skills Final Attributes: You were piously aligned. You were sleep resistant. You had infravision. You were stealthy. You are dead. Vanquished creatures: a ghost a housecat a wood nymph 2 fog clouds a giant ant a floating eye a dwarf a homunculus a kobold shaman a jitterbug an orc zombie a coyote an acid blob 4 geckos a hobgoblin 2 cave spiders a brown mold 3 jackals 3 kobolds 6 newts a goblin 10 grid bugs 4 lichens 2 kobold zombies 51 creatures vanquished. Voluntary challenges: You did not adorn yourself with jewelry or accessories. You did not cause conflict. You were not invisible. You did not have reflection. You were not displaced. You had been an atheist until turn 2155. You used a wielded weapon 85 times, starting on turn 22. You did not apply a unicorn horn. You did not use plumbed fixtures. You did not drink any magical draughts. You were illiterate. You never genocided any monsters. You never polymorphed an object. You never changed form. You used no wishes. You never split a pudding. You never wrote Elbereth's name. You never violated your personal moral code. Dungeon overview: The Dungeons of Doom: levels 1 to 7 Level 1 many fountains a long staircase Level 2 a fountain stairs to The Gnomish Mines Level 3 a fountain Level 4 a fountain Level 5 some fountains Level 6 (vault) <- You were here Level 7 The Gnomish Mines: Level 3 stairs to The Dungeons of Doom History has recorded: On T:1 you entered the Dungeons of Doom to retrieve the Amulet of Yendor! On T:53 you reached level 2 of The Dungeons of Doom. On T:491 you reached level 1 of The Gnomish Mines. On T:731 you advanced to experience level 2. On T:828 you reached level 3 of The Dungeons of Doom. On T:1228 you reached level 4 of The Dungeons of Doom. On T:1231 you advanced to experience level 3. On T:1280 you reached level 5 of The Dungeons of Doom. On T:1785 you reached level 6 of The Dungeons of Doom. On T:1909 you advanced to experience level 4. On T:2155 you prayed to Kos. On T:2162 you advanced to experience level 5. On T:2398 you reached level 7 of The Dungeons of Doom. Score breakdown: Gold: 0 ( 0 points) Experience: 5 levels ( 400 points) Exploration: 7 levels ( 180 points) Discoveries: 2 items ( 100 points) Variety of kills: 24 monsters ( 1200 points) Major goal: (nothing yet) ( 0 points) Survival: died (score multiplied by 3) Total score: 5640 Latest messages: You see here 11 darts. You stab the kobold shaman. The air crackles around the kobold shaman. You stab the kobold shaman. You kill the kobold shaman! There is an open door here. You see here a kobold shaman corpse. The door opens. You see here 11 darts. There is an open door here. You see here a kobold shaman corpse. You see here a looking glass. There is a doorway here. You see here a crude dagger. You hear Upernavik cursing shoplifters. You feel tough! You must be leading a healthy life-style. You hear someone counting money. You stop exploring. You stab the giant beetle. The giant beetle bites! You stab the giant beetle! You stab the giant beetle. The giant beetle bites! You stab the giant beetle. (2x) The giant beetle bites! You die... Final status: Goodbye woodfighter the Rogue, killed by a giant beetle... You died in The Dungeons of Doom on dungeon level 6 with 5640 points, and 0 pieces of gold, after 2559 moves. You were level 5 with a maximum of 33 hit points when you died.